[Event "Late-Titled-Tuesday-Blitz-April-02-2024"]
[Site "Chess.com"]
[Date "2024.04.02"]
[Round "2"]
[White "ameetghasi100"]
[Black "Truequitos"]
[Result "1-0"]
[WhiteElo "2804"]
[BlackElo "2557"]
[TimeControl "180+1"]
[EndTime "14:17:25 PDT"]
[Termination "ameetghasi100 won on time"]

1. b3 e5 2. Bb2 Nc6 3. e3 d6 4. c4 g6 5. Nc3 Bg7 6. Nf3 Be6 7. d4 exd4 8. Nb5 Nge7 9. Nfxd4 Nxd4 10. Bxd4 O-O 11. Bxg7 Kxg7 12. h4 d5 13. c5 Nf5 14. h5 Qf6 15. g4 Ne7 16. Nd4 Nc6 17. Be2 Rae8 18. Nxc6 bxc6 19. h6+ Kg8 20. Rc1 d4 21. e4 Qf4 22. f3 Bxg4 23. Qxd4 f6 24. Kf2 Be6 25. Rcd1 Re7 26. Qe3 Qxe3+ 27. Kxe3 f5 28. Rd4 fxe4 29. fxe4 Rfe8 30. Rg1 Bf7 31. Rg5 Re5 32. Rxe5 Rxe5 33. Rd8+ Be8 34. Bc4+ Kf8 35. Kd4 Rh5 36. Rc8 Rxh6 37. Rxc7 Rh4 38. Ke5 g5 39. Kf6 h6 40. Rh7 Rf4+ 41. Ke5 Rxe4+ 42. Kd6 1-0

[Event "Late-Titled-Tuesday-Blitz-April-02-2024"]
[Site "Chess.com"]
[Date "2024.04.02"]
[Round "2"]
[White "EsmeraldasAnderson03"]
[Black "APOKALIPSA13"]
[Result "1-0"]
[WhiteElo "2540"]
[BlackElo "2288"]
[TimeControl "180+1"]
[EndTime "14:17:25 PDT"]
[Termination "EsmeraldasAnderson03 won by resignation"]

1. d4 e5 2. dxe5 Nc6 3. Nf3 Qe7 4. Bf4 Qb4+ 5. Bd2 Qxb2 6. Nc3 Bb4 7. Rb1 Qxc3 8. Bxc3 Bxc3+ 9. Nd2 Bxe5 10. g3 Nf6 11. Bg2 d5 12. O-O O-O 13. c4 Rd8 14. cxd5 Nxd5 15. Bxd5 Rxd5 16. e4 Rd8 17. Qc1 Nd4 18. Re1 c6 19. Kg2 g6 20. f4 Bg7 21. e5 Be6 22. Rxb7 Bd5+ 23. Ne4 Bxa2 24.
Nd6 Bd5+ 25. Kf2 a5 26. Rd1 Nb3 27. Qa3 a4 28. Rb4 f6 29. Rxa4 Rab8 30. Rb4 fxe5 31. Nb7 Rf8 32. Rxd5 cxd5 33. Qxb3 exf4 34. Qxd5+ Kh8 35.
gxf4 Rf5 36. Qd6 Rbf8 37. Kg3 g5 38. fxg5 Be5+ 39. Qxe5+ Rxe5 40. Nd6 Rxg5+ 41. Kh4 Rg7 42. h3 Rgg8 43. Rb7 Rf6 44. Nf7+ Kg7 45. Ng5+ Kf8 46. Nxh7+ Ke8 47. Nxf6+ Kf8 48. Rb8+ Kf7 49. Rxg8 Kxf6 50. Rg4 Kf5 51. Kg3 Kf6 52. h4 1-0

[Event "Late-Titled-Tuesday-Blitz-April-02-2024"]
[Site "Chess.com"]
[Date "2024.04.02"]
[Round "2"]
[White "Zkid"]
[Black "jaskol95"]
[Result "0-1"]
[WhiteElo "2836"]
[BlackElo "2528"]
[TimeControl "180+1"]
[EndTime "14:17:27 PDT"]
[Termination "jaskol95 won by resignation"]

1. e4 c5 2. Nf3 e6 3. d4 cxd4 4. Nxd4 Nc6 5. Nc3 Qc7 6. Be3 a6 7. Qd2 Nf6 8. f3 Bb4 9. a3 Be7 10. g4 h6 11. O-O-O b5 12. Nxc6 dxc6 13. h4 Bb7 14.
Bd3 O-O-O 15. Qf2 Kb8 16. Bb6 Qf4+ 17. Kb1 Rd7 18. Ne2 Qd6 19. g5 Nh5 20. b4 Nf4 21.
Nxf4 Qxf4 22. Be3 Qc7 23. gxh6 gxh6 24. Bc5 Bxc5 25. Qxc5 Qd6 26. Qxd6+ Rxd6 27. Rhg1 e5 28. f4 exf4 29. Rdf1 c5 30. bxc5 Rc6 31. Rxf4 Rxc5 32.
Rxf7 Rhc8 33. Rgg7 R5c7 34. Rxc7 Rxc7 35. Rg8+ Ka7 36.
Rg6 Re7 37. Rg4 Kb6 38. Kc1 Kc5 39. Kd2 Kd4 40. c3+ Ke5 41. Rg6 Re6 42. Rg4 Rd6 43.
Ke3 Rd7 44. Rg6 Rxd3+ 45. Kxd3 Bxe4+ 46. Ke3 Bxg6 47. Kf3 Bf5 48. Ke3 h5 49. Kd2 Kf4 50. Ke2 Kg3 0-1

[Event "Late-Titled-Tuesday-Blitz-April-02-2024"]
[Site "Chess.com"]
[Date "2024.04.02"]
[Round "2"]
[White "DrVelja"]
[Black "Statham_01"]
[Result "1-0"]
[WhiteElo "3031"]
[BlackElo "2612"]
[TimeControl "180+1"]
[EndTime "14:17:28 PDT"]
[Termination "DrVelja won by checkmate"]

1. e4 e5 2. Nf3 Nf6 3. Nxe5 d5 4. Nf3 dxe4 5. Ne5 Bc5 6. Nc4 O-O 7. Be2 Nc6 8. Nc3 Nd4 9. O-O Nxe2+ 10. Qxe2 Bg4 11.
Qe1 Re8 12. Ne3 Bh5 13. Rb1 Qd7 14. b4 Bd6 15. h3 Qe7 16. Nf5 Qe5 17. Nxd6 cxd6 18.
Bb2 d5 19. Nb5 Qe7 20. Qe3 a6 21. Bxf6 gxf6 22. Nd4 Kh8 23. Rbe1 Qe5 24. d3 f5 25. f4 Qf6 26. Kh2 exd3 27. Qxd3 Re4 28. Rxe4 fxe4 29. Qe3 Rc8 30. g4 Bg6 31. f5 Qe5+ 32. Kg2 Rc4 33. c3 Qc7 34. fxg6 hxg6 35. Ne6 fxe6 36. Qh6+ Qh7 37.
Rf8# 1-0

[Event "Late-Titled-Tuesday-Blitz-April-02-2024"]
[Site "Chess.com"]
[Date "2024.04.02"]
[Round "2"]
[White "Mysterio47"]
[Black "MarceloPlaya"]
[Result "1-0"]
[WhiteElo "2768"]
[BlackElo "2380"]
[TimeControl "180+1"]
[EndTime "14:17:28 PDT"]
[Termination "Mysterio47 won on time"]

1. d4 e6 2. e4 d5 3. Nc3 Bb4 4.
exd5 exd5 5. Bd3 Nc6 6. Ne2 Be6 7. O-O Qd7 8. a3 Be7 9. Be3 Nf6 10. Nf4 O-O-O 11. f3 h5 12. Re1 h4 13. Bf2 g5 14.
Nxe6 fxe6 15. Qe2 Kb8 16. Qxe6 Qe8 17. Bb5 Rh7 18. Re2 Rd6 19. Qf5 Qg8 20. Rae1 Bd8 21. Re6 g4 22. fxg4 Rf7 23. Rxd6 cxd6 24. Qd3 Nxg4 25. Rf1 Qf8 26. Qe2 Nxf2 27. Rxf2 Rxf2 28.
Qxf2 Qxf2+ 29. Kxf2 Nxd4 30. Bd3 Bf6 31. Nxd5 Be5 32. c3 Ne6 33. g3 hxg3+ 34. hxg3 Nc5 35. Bc2 Kc8 36. g4 Kd7 37. Bf5+ Kc6 38. Ne7+ Kb5 39. Bc2 Ne6 40. Nd5 Kc5 41. Ne3 d5 42. Bf5 1-0

[Event "Late-Titled-Tuesday-Blitz-April-02-2024"]
[Site "Chess.com"]
[Date "2024.04.02"]
[Round "2"]
[White "Darkdefense15"]
[Black "ChessSwole"]
[Result "0-1"]
[WhiteElo "2371"]
[BlackElo "2692"]
[TimeControl "180+1"]
[EndTime "14:17:28 PDT"]
[Termination "ChessSwole won by resignation"]

1. d4 Nf6 2. Bf4 d5 3. e3 c5 4. dxc5 e6 5. b4 a5 6. c3 axb4 7. cxb4 b6 8. Bb5+ Bd7 9. Bxd7+ Qxd7 10. cxb6 Bxb4+ 11. Nd2 Ne4 12. Nf3 Qb5 13. Nd4 Qd3 14. Nb3 Nc3 15. Qf3 Rxa2 16. Rxa2 Nxa2 17. Qe2 Qxb3 18.
Qb5+ Nd7 19. O-O Nc3 20. Qc6 Qa4 21. Qc8+ Ke7 22. Qxh8 Ne2+ 23. Kh1 Nxf4 24. Qxg7 Ng6 25. Nf3 Qa6 26. Rb1 Bd6 27. h4 Qd3 28. Re1 h5 29. g3 Nxb6 30. Qh6 Qf5 31. Kg2 Nc4 32. Qg5+ Qxg5 33. hxg5 Nce5 34. Rh1 Nxf3 35. Kxf3 Ne5+ 36. Ke2 Ng4 37. Rxh5 Ne5 38. f4 Nc4 39. Kf3 Bc5 40. e4 Nd2+ 41. Ke2 Nxe4 42. Rh7 Nxg3+ 43. Kf3 Nf5 44.
g6 Kf6 45. gxf7 Bf8 46. Kg4 Bg7 47. Rh8 Nh6+ 48. Kh5 Nxf7 49. Re8 Nd6 50. Kg4 Nxe8 0-1

[Event "Late-Titled-Tuesday-Blitz-April-02-2024"]
[Site "Chess.com"]
[Date "2024.04.02"]
[Round "2"]
[White "lcmil"]
[Black "Savagelittlemole"]
[Result "1-0"]
[WhiteElo "2271"]
[BlackElo "2490"]
[TimeControl "180+1"]
[EndTime "14:17:28 PDT"]
[Termination "lcmil won by resignation"]

1. e4 c5 2. Nf3 d6 3. d4 cxd4 4. Nxd4 Nf6 5. Nc3 a6 6. Bg5 Nbd7 7. f4 Qc7 8. Qf3 h6 9. Bh4 g5 10. fxg5 hxg5 11. Bxg5 Qc5 12. Be3 Ne5 13. Qe2 Neg4 14. Bg1 Qa5 15. O-O-O Bd7 16. Kb1 Rc8 17. Qe1 Ne5 18. Nb3 Qc7 19. Bf2 b5 20. a3 Be6 21.
Nd4 Bc4 22. Bh4 Bxf1 23. Rxf1 Ned7 24. Bxf6 Nxf6 25. Rxf6 exf6 26. Nd5 Qd8 27. h3 Rh6 28. Nf5 Rg6 29. g4 Rc5 30. Qh4 Kd7 31. Qh7 Qe8 32. Qxg6 fxg6 33. Nxf6+ Kd8 34. Nxe8 Kxe8 35. Nxd6+ Ke7 36.
Nb7 Re5 37. Rd4 Bh6 38. Na5 Ke6 39. Nc6 Rc5 40. Nd8+ Ke5 41. Rd3 Kxe4 42. Nf7 Be3 43. Rd6 Kf3 44. Rxg6 Ke2 45. Re6 Kd2 46. Nd6 Rxc2 47.
Ne4+ Kd3 48. Rd6+ Bd4 49. Rxd4+ Kxd4 50. Kxc2 Kxe4 51. h4 Kf4 52. h5 1-0

[Event "Late-Titled-Tuesday-Blitz-April-02-2024"]
[Site "Chess.com"]
[Date "2024.04.02"]
[Round "2"]
[White "Durarbayli"]
[Black "Russian_berezka"]
[Result "1-0"]
[WhiteElo "2922"]
[BlackElo "2583"]
[TimeControl "180+1"]
[EndTime "14:17:29 PDT"]
[Termination "Durarbayli won by resignation"]

1. e4 g6 2. d4 Bg7 3. Nc3 d5 4. exd5 Nd7 5. Bc4 Ngf6 6. Bb3 O-O 7. Nge2 Nb6 8. Nf4 Bg4 9. f3 Bf5 10. Be3 a5 11. a3 h6 12. g4 Bd7 13. Qd2 c6 14.
dxc6 Bxc6 15. d5 Bd7 16. h4 a4 17. Ba2 Rc8 18. O-O-O Ne8 19. Bd4 Nd6 20. Bxg7 Kxg7 21. Rhe1 Nbc4 22. Qd4+ Kh7 23. h5 g5 24. Nd3 b5 25. Re2 e5 26. dxe6 Bxe6 27. Nc5 Re8 28. Bxc4 Nxc4 29. Qe4+ f5 30. Rxd8 fxe4 31. Rxe8 Rxe8 32.
Rxe4 Bf7 33. Nxb5 Kg7 34. Rxe8 Bxe8 35. Nd4 Bf7 36. Nxa4 Bd5 37. Nc3 Bb7 38. a4 Ne5 39. a5 Nxf3 40. Nxf3 Bxf3 41. a6 Bxg4 42. b4 Bf3 43.
Kd2 Kf6 44. Ke3 g4 45. b5 Ke6 46. b6 Kd6 47. Nb5+ Kc5 48. b7 Bxb7 49. axb7 Kxb5 50.
b8=Q+ Kc4 51. Qg3 Kc3 52. Qxg4 Kb2 53. Qd4+ Kc1 54. c4 Kb1 55. c5 1-0

[Event "Late-Titled-Tuesday-Blitz-April-02-2024"]
[Site "Chess.com"]
[Date "2024.04.02"]
[Round "2"]
[White "Laico"]
[Black "Rsnr"]
[Result "0-1"]
[WhiteElo "2393"]
[BlackElo "2869"]
[TimeControl "180+1"]
[EndTime "14:17:29 PDT"]
[Termination "Rsnr won on time"]

1. e4 c6 2. d4 d5 3. f3 Qb6 4.
Nc3 dxe4 5. fxe4 e5 6. Nf3 exd4 7. Qxd4 Qxd4 8. Nxd4 Bd6 9. Be3 Nf6 10. O-O-O Be5 11. Nf3 Bxc3 12. bxc3 Nxe4 13. Bd3 Nxc3 14. Rde1 O-O 15. Bc4 Nd7 16. Bd4 Nd5 17. Bxd5 cxd5 18. Re7 Nf6 19. Bxf6 gxf6 20. Rd1 Rd8 21. Nd4 Bd7 22.
Rf1 Kf8 23. Re3 f5 24. Re5 Rac8 25. Rxd5 Be6 26. Nxe6+ fxe6 27. Re5 Kf7 28. g4 Kf6 29. Rb5 Rc7 30. gxf5 e5 31. Rb3 Rd4 32. Rbf3 Rh4 33. R1f2 b5 34. Kb2 Rb4+ 35. Ka3 Ra4+ 36. Kb3 a5 37. a3 Rh4 38. Rd2 a4+ 39. Kb2 Rd4 40. Rxd4 exd4 41. Kc1 Rc5 42. Rf4 d3 43. Rf2 dxc2 44.
h3 h5 0-1

[Event "Late-Titled-Tuesday-Blitz-April-02-2024"]
[Site "Chess.com"]
[Date "2024.04.02"]
[Round "2"]
[White "Nick12772"]
[Black "SmirnovTimofey2000"]
[Result "1-0"]
[WhiteElo "2414"]
[BlackElo "1942"]
[TimeControl "180+1"]
[EndTime "14:17:30 PDT"]
[Termination "Nick12772 won on time"]

1. Nf3 d5 2. g3 Bf5 3. Bg2 e6 4. O-O Nf6 5. d4 Be7 6. c4 c6 7. b3 O-O 8. Nc3 h6 9. Bb2 Ne4 10. Nxe4 Bxe4 11. Qd2 Nd7 12. Rac1 Nf6 13. a3 a5 14.
Rfd1 Rc8 15. c5 Nd7 16. Bc3 Bg5 17. Nxg5 Bxg2 18. Kxg2 hxg5 19. Bxa5 Qe7 20. Bc3 e5 21. dxe5 Nxe5 22. Qd4 f6 23. Re1 Nd7 24. b4 Rfe8 25. e3 Ne5 26. e4 Rcd8 27. exd5 Rxd5 28. Qe3 Qd7 29. Bxe5 Rexe5 30. Qb3 Kh8 31. Rxe5 Rxe5 32. Rd1 Qe7 33. Qf3 Re1 34. Qh5+ Kg8 35. Qg4 Rxd1 36. Qxd1 Qe4+ 37. Qf3 Qe1 38. Qb3+ Kh8 39. Qd3 Qe7 40. h3 Kg8 41. Kh2 Kh8 42. a4 Qe1 43. Qd4 Qe7 44. b5 cxb5 45. axb5 Qc7 46. Qe3 Qc8 47. Qc3 Qc7 48.
c6 bxc6 49. Qxc6 1-0

[Event "Late-Titled-Tuesday-Blitz-April-02-2024"]
[Site "Chess.com"]
[Date "2024.04.02"]
[Round "2"]
[White "sorch29"]
[Black "akanga001"]
[Result "1-0"]
[WhiteElo "2436"]
[BlackElo "2134"]
[TimeControl "180+1"]
[EndTime "14:17:32 PDT"]
[Termination "sorch29 won by resignation"]

1. Nf3 d5 2. g3 Bf5 3. Bg2 Nf6 4. O-O e6 5. d3 Be7 6. Nbd2 O-O 7. Qe1 h6 8. e4 Bh7 9. Qe2 c6 10. b3 Nfd7 11. Bb2 Bf6 12. Bxf6 Qxf6 13. d4 Na6 14. c4 Nb4 15. Rfc1 dxe4 16. Nxe4 Qe7 17. a3 Na6 18. b4 e5 19. Nc3 Rfe8 20. d5 e4 21. Nd4 Nf6 22. dxc6 bxc6 23. Nxc6 Qe6 24. Nd4 Qe7 25. c5 Nc7 26. Ndb5 Ncd5 27. Nxd5 Nxd5 28. Nd6 Red8 29. Bxe4 Bxe4 30. Qxe4 Qxe4 31. Nxe4 Re8 32. Re1 Nc7 33. Nd6 Rxe1+ 34. Rxe1 Kf8 35. b5 Rb8 36. Rb1 Ke7 37. b6 axb6 38. Rxb6 Rxb6 39. cxb6 Kxd6 40.
bxc7 Kxc7 41. Kg2 Kb6 42. Kf3 Ka5 43. Ke4 Ka4 44. Ke5 Kxa3 45. Kd6 Kb3 46. Ke7 Kc3 47.
Kxf7 Kd3 48. Kxg7 Ke4 49. Kxh6 Kf3 50. Kg5 Kxf2 51. g4 Kg2 52. h4 Kh3 53. h5 Kg3 54.
h6 1-0

[Event "Late-Titled-Tuesday-Blitz-April-02-2024"]
[Site "Chess.com"]
[Date "2024.04.02"]
[Round "2"]
[White "MoldyTofu"]
[Black "RaugintaBulba"]
[Result "0-1"]
[WhiteElo "2063"]
[BlackElo "2424"]
[TimeControl "180+1"]
[EndTime "14:17:33 PDT"]
[Termination "RaugintaBulba won by resignation"]

1. b3 Nf6 2. Bb2 g6 3. e3 Bg7 4. d4 d6 5. Bd3 O-O 6. Nf3 Nbd7 7. c4 Re8 8. O-O e5 9. dxe5 Nxe5 10.
Nxe5 dxe5 11. Bc2 Bg4 12. f3 Bd7 13. Nc3 c6 14. Qe2 Qc7 15. Kh1 Rad8 16. Rad1 Bc8 17. Ne4 h5 18. h3 Nxe4 19. Bxe4 Be6 20. Bb1 Rxd1 21. Rxd1 Rd8 22. e4 Rxd1+ 23. Qxd1 Qd7 24. Qe2 f6 25. Bd3 Bh6 26. Kg1 b6 27. Bc3 c5 28.
Kf1 a5 29. a4 Kf7 30. Bc2 Bf4 31. Kf2 h4 32. Kf1 Bg3 33. Be1 Bxh3 34. Bxg3 hxg3 35. gxh3 Qxh3+ 36. Qg2 Qh6 37. Bd1 Qf4 38. Qe2 Qh4 39. Qg2 Qf4 40. Qh3 Qd2 41. Be2 Qc1+ 42. Kg2 Qe1 43.
Qd7+ Kg8 44. Qe8+ Kg7 45. Qe7+ Kh6 46. Qf8+ Kg5 47. f4+ exf4 48. Qh8 Qf2+ 49. Kh1 g2+ 0-1

[Event "Late-Titled-Tuesday-Blitz-April-02-2024"]
[Site "Chess.com"]
[Date "2024.04.02"]
[Round "2"]
[White "Grischuk"]
[Black "Mackster23"]
[Result "1-0"]
[WhiteElo "3074"]
[BlackElo "2620"]
[TimeControl "180+1"]
[EndTime "14:17:34 PDT"]
[Termination "Grischuk won by resignation"]

1. d4 Nf6 2. c4 e6 3. Bg5 d5 4. e3 h6 5. Bh4 Be7 6. Nc3 O-O 7. Qc2 a6 8. cxd5 exd5 9. Nf3 Nc6 10. a3 Re8 11. Bd3 Bg4 12. O-O Bxf3 13. gxf3 g5 14. Bg3 Bd6 15. Qb3 Bxg3 16. hxg3 Qd6 17. Kg2 b5 18. Rh1 Kg7 19. Qc2 b4 20. Na4 Rab8 21. Rhc1 Na5 22. Qxc7 Qxc7 23. Rxc7 bxa3 24. Rxa3 Nc4 25.
Bxc4 dxc4 26. Rxc4 Re6 27. Nc5 Reb6 28. b3 h5 29. Rca4 Rb5 30. Rxa6 g4 31. Rxf6 Kxf6 32. Nd7+ Kf5 33. Nxb8 Rxb8 34. Ra5+ Kg6 35. Ra6+ f6 36.
Ra3 Kg5 37. e4 Rb4 38. d5 Rd4 39. Ra2 gxf3+ 40. Kxf3 Rd3+ 41. Ke2 Rxb3 42. d6 Rb6 43. d7 Rb8 44. Rd2 Rd8 45. Rd5+ Kg6 46. Kf3 1-0

[Event "Late-Titled-Tuesday-Blitz-April-02-2024"]
[Site "Chess.com"]
[Date "2024.04.02"]
[Round "2"]
[White "Lady_Nika"]
[Black "javierfreilemartin"]
[Result "1-0"]
[WhiteElo "2547"]
[BlackElo "2300"]
[TimeControl "180+1"]
[EndTime "14:17:34 PDT"]
[Termination "Lady_Nika won on time"]

1. c4 Nf6 2. Nc3 g6 3. d4 Bg7 4. e4 d6 5. f3 O-O 6. Be3 c6 7. Qd2 a6 8. Bd3 Re8 9. Nge2 b5 10. O-O bxc4 11. Bxc4 a5 12. e5 Nfd7 13. e6 fxe6 14. Bxe6+ Kh8 15. d5 Nf8 16. Bf7 cxd5 17. Bxe8 Qxe8 18.
Qxd5 Ra6 19. Rad1 Be6 20. Qb5 Bd7 21. Qg5 Ne6 22. Qg3 a4 23. Nd5 Nc6 24. Nef4 Nxf4 25.
Bxf4 Bxb2 26. Nc7 Qc8 27. Nxa6 Qxa6 28. Bg5 Be5 29. f4 Bg7 30. Qh4 Bf5 31. Bxe7 Qa7+ 32. Kh1 Nxe7 33. Rxd6 Ng8 34. Re1 Qf7 35. a3 h5 36. h3 Nf6 37. Rd8+ Kh7 38. g4 Qb7+ 39. Kh2 Qb2+ 40. Kh1 Be4+ 41. Rxe4 Nxe4 42. gxh5 Nf2+ 43.
Kg1 Nxh3+ 44. Kh1 Qb7+ 45. Kh2 Qb2+ 46. Kxh3 Qxa3+ 47. Kg4 Bh6 48. hxg6+ Kxg6 49. Qh5+ 1-0

[Event "Late-Titled-Tuesday-Blitz-April-02-2024"]
[Site "Chess.com"]
[Date "2024.04.02"]
[Round "2"]
[White "GoValya"]
[Black "Practical-Play"]
[Result "0-1"]
[WhiteElo "2238"]
[BlackElo "2489"]
[TimeControl "180+1"]
[EndTime "14:17:35 PDT"]
[Termination "Practical-Play won by checkmate"]

1. Nf3 d5 2. g3 c5 3. d4 Nf6 4.
c3 Bf5 5. Bf4 e6 6. Bg2 Nc6 7. O-O Qb6 8. b3 Be7 9. dxc5 Bxc5 10.
b4 Be7 11. a4 a5 12. b5 Nb8 13. Nbd2 O-O 14. Nb3 Nbd7 15. Rc1 Rfc8 16. Be3 Qd8 17.
Nfd4 Bg6 18. Qd2 Nb6 19. Bg5 Nxa4 20. c4 Rxc4 21. Ra1 h6 22. Be3 Nd7 23. Rfc1 Nab6 24. Qb2 a4 25. Nd2 Rb4 26. Qa2 e5 27. Nc6 bxc6 28.
bxc6 Nf6 29. c7 Qc8 30. Bxb6 Rxb6 31. Bxd5 Nxd5 32. Qxd5 Ra7 33. Qc4 Rbb7 34. Rxa4 Rxc7 35. Rxa7 Rxc4 36. Rxc4 Qd8 37. Nf3 Bf6 38. Kg2 Bf5 39. Rac7 Be6 40. R4c5 Kh7 41. Ra7 Qb6 42. Rcc7 e4 43.
Nd2 Qb5 44. Nxe4 Bd5 45. f3 Qxe2+ 46. Kh3 Be6+ 47. g4 Qxf3+ 48. Ng3 Bxg4# 0-1

[Event "Late-Titled-Tuesday-Blitz-April-02-2024"]
[Site "Chess.com"]
[Date "2024.04.02"]
[Round "2"]
[White "Mikhal867"]
[Black "MightyMike_009"]
[Result "1-0"]
[WhiteElo "2526"]
[BlackElo "2735"]
[TimeControl "180+1"]
[EndTime "14:17:37 PDT"]
[Termination "Mikhal867 won by resignation"]

1. c4 Nf6 2. Nc3 e5 3. g3 d5 4.
cxd5 Nxd5 5. Bg2 Nb6 6. Nf3 Nc6 7. O-O Be7 8. d3 O-O 9. a3 Be6 10. b4 a6 11. Bb2 f6 12. Rc1 f5 13. Na4 Bf6 14.
Rxc6 bxc6 15. Nxe5 Bxe5 16. Bxe5 Bd5 17. e4 fxe4 18.
dxe4 Bc4 19. Qxd8 Raxd8 20. Rc1 Bb5 21. Nc5 Rd2 22. Bf4 Ra2 23. Ne6 Rf7 24. Nxc7 g5 25. Nxb5 gxf4 26. Rxc6 f3 27. Nd6 Ra1+ 28. Bf1 Rd7 29.
Rxb6 Rc7 30. Rb8+ Kg7 31. Rb7 Rxb7 32. Nxb7 Kf6 33. Nc5 Ke5 34. Nxa6 Kxe4 35. b5 Kd5 36. b6 Kc6 37. Nb4+ Kxb6 38. Nc2 Ra2 39. Nd4 Rxa3 40.
h4 Kc5 41. Ne6+ Kd5 42. Nf4+ Ke4 43. Bd3+ Kd4 44. Bxh7 Ra1+ 45. Kh2 Rf1 46. Nh3 Ke5 47. Bd3 Rd1 48. Bg6 Kf6 49. Bh5 Rd3 50. Ng5 Rd2 51.
Ne4+ Kf5 52. Nxd2 Ke5 53. Nxf3+ Ke4 54. Kg2 Kd3 55. Bg4 Ke2 56. h5 Kd1 57. h6 1-0

[Event "Late-Titled-Tuesday-Blitz-April-02-2024"]
[Site "Chess.com"]
[Date "2024.04.02"]
[Round "2"]
[White "Sanyura"]
[Black "mishanick"]
[Result "0-1"]
[WhiteElo "2611"]
[BlackElo "3028"]
[TimeControl "180+1"]
[EndTime "14:17:38 PDT"]
[Termination "mishanick won by resignation"]

1. e4 c5 2. Nf3 d6 3. d4 Nf6 4. Nc3 cxd4 5. Nxd4 a6 6. g3 e5 7. Nb3 Be7 8. Bg2 O-O 9. O-O Be6 10. Re1 Nbd7 11.
a4 Rc8 12. Nd2 h5 13. Nf1 h4 14. Ne3 h3 15. Bf1 Nc5 16. Ned5 Nxd5 17. Nxd5 Bg5 18. Qh5 Bxc1 19. Raxc1 Nxa4 20. b3 Nc3 21. Nxc3 Rxc3 22. Bxh3 g6 23. Qh6 Bxh3 24. Qxh3 Qc7 25. Re2 Rxb3 26.
cxb3 Qxc1+ 27. Kg2 Qd1 28. Re3 Rd8 29. Qh4 Rc8 30. Rf3 Rf8 31. g4 Qd4 32. Re3 d5 33. Qf6 Rc8 34. Rf3 Rf8 35. Re3 Qd1 36. Rg3 dxe4 37.
Qxe5 Rd8 38. Qxe4 b5 39. Re3 Qd7 40. Qf3 Rc8 41. h4 a5 42. Re4 a4 43. bxa4 bxa4 44. h5 g5 45. h6 Qc6 46. Re8+ Qxe8 47. Qf6 Qc6+ 48. f3 0-1

[Event "Late-Titled-Tuesday-Blitz-April-02-2024"]
[Site "Chess.com"]
[Date "2024.04.02"]
[Round "2"]
[White "ansko1999"]
[Black "Njal28"]
[Result "0-1"]
[WhiteElo "2620"]
[BlackElo "3057"]
[TimeControl "180+1"]
[EndTime "14:17:39 PDT"]
[Termination "Njal28 won by resignation"]

1. e4 c5 2. Nf3 e6 3. b3 a6 4. Bb2 Nc6 5. g3 Nf6 6. e5 Nd5 7. Bg2 b5 8. O-O Bb7 9. Na3 Be7 10. c4 bxc4 11. Nxc4 O-O 12. d4 cxd4 13. Nxd4 Nxd4 14.
Qxd4 a5 15. Ne3 Nxe3 16. Bxb7 Nxf1 17. Bxa8 Nxg3 18. hxg3 Qxa8 19. Qxd7 Bc5 20. Rc1 Rd8 21. Qb5 Ba7 22. Qc6 Qxc6 23. Rxc6 h5 24. Bc1 Bd4 25. Bf4 Rd5 26. Rd6 Rxd6 27. exd6 Kf8 28. Bd2 Bb6 29. b4 axb4 30. Bxb4 Ke8 31. a4 g5 32. a5 Ba7 33. a6 Kd7 34. Kg2 g4 35.
f3 Kc6 36. Ba3 f5 37. f4 Bb6 38. Kf1 Kb5 39. Bb4 Kxa6 40. d7 Bd8 41. Bd6 Kb7 42.
Be5 Kc6 43. Kg2 Kxd7 44. Bd4 Bc7 45. Bc3 Bd6 46. Bd4 Kc6 47. Bc3 Kd5 48. Bb2 Bc5 49. Bc3 Bd4 50. Bd2 Ke4 51. Bc1 Be3 52. Bb2 Bd4 53. Bc1 Bf6 54. Bd2 h4 55. gxh4 Bxh4 56. Bc1 Bd8 57. Bb2 Bc7 58. Be5 Bxe5 59. fxe5 Kxe5 0-1

[Event "Late-Titled-Tuesday-Blitz-April-02-2024"]
[Site "Chess.com"]
[Date "2024.04.02"]
[Round "2"]
[White "arenal72"]
[Black "XDPS"]
[Result "1/2-1/2"]
[WhiteElo "2601"]
[BlackElo "2925"]
[TimeControl "180+1"]
[EndTime "14:17:42 PDT"]
[Termination "Game drawn - insufficient material"]

1. Nf3 d5 2. g3 c6 3. Bg2 Bg4 4. O-O Nd7 5. h3 Bh5 6. c4 e6 7.
d3 dxc4 8. dxc4 Ngf6 9. Nc3 Qc7 10. Bf4 e5 11. Be3 Be7 12. Nh4 O-O 13. Qc2 Rfe8 14.
Rfd1 Bc5 15. Bxc5 Nxc5 16. Rd2 Ne6 17. e3 Rad8 18. Rxd8 Rxd8 19. g4 Bg6 20. Nxg6 hxg6 21. Rd1 Rxd1+ 22. Qxd1 Nd7 23. b4 a5 24. a3 axb4 25. axb4 Kf8 26. Ne4 Ke7 27. c5 b6 28.
cxb6 Nxb6 29. Nc5 Nxc5 30. bxc5 Nd7 31. Qc2 f5 32. gxf5 gxf5 33. Qxf5 Nxc5 34. Qg6 Ne6 35.
Be4 Kd6 36. h4 Qe7 37. h5 Qg5+ 38. Qxg5 Nxg5 39. Bc2 e4 40. Kg2 c5 41. Kg3 Ke5 42. Kg4 Nf3 43. Bb3 Nd2 44. Bc2 Nf3 45. Bb3 Kf6 46. Kf4 Nd2 47. Bc2 c4 48. Bxe4 c3 49.
Bc2 Nc4 50. Ke4 Kg5 51. Kd3 Ne5+ 52. Kxc3 Kxh5 53. f4 Nd7 54. Kd4 g5 55. fxg5 Kxg5 56. e4 Kf6 57. e5+ Nxe5 1/2-1/2

[Event "Late-Titled-Tuesday-Blitz-April-02-2024"]
[Site "Chess.com"]
[Date "2024.04.02"]
[Round "2"]
[White "Oleg_Papayan"]
[Black "MasterSonnevanck23"]
[Result "1-0"]
[WhiteElo "2680"]
[BlackElo "2390"]
[TimeControl "180+1"]
[EndTime "14:17:43 PDT"]
[Termination "Oleg_Papayan won on time"]

1. e4 e5 2. Nf3 Nc6 3. Bb5 Bc5 4. Bxc6 dxc6 5. Nc3 f6 6. d3 Ne7 7. Qe2 O-O 8. Be3 Bxe3 9. Qxe3 b6 10. d4 exd4 11. Qxd4 Qxd4 12. Nxd4 Bd7 13. O-O-O Rfd8 14. f3 a6 15.
Nde2 Ng6 16. Rd2 Be8 17. Rhd1 Rxd2 18. Rxd2 Ne5 19. Nf4 Bf7 20. Nd1 Kf8 21. Ne3 g6 22. a3 a5 23. Nd3 Nd7 24. Ng4 Ke7 25. e5 f5 26. Ne3 c5 27. f4 c4 28. Nf2 Nc5 29. Rd4 Rd8 30. Rxd8 Kxd8 31. Kd2 Na4 32.
Nfd1 Kd7 33. Nc3 Nc5 34. Ned5 h6 35. g3 b5 36. Nf6+ Kc6 37. Ne2 Ne4+ 38. Nxe4 fxe4 39.
Ke3 b4 40. c3 bxa3 41. bxa3 Kd5 42. h4 c5 43. g4 Be6 44. Ng3 Bxg4 45. Nxe4 Bf5 46.
Nd6 Bd3 47. Nb7 a4 48. Nd8 g5 49. fxg5 1-0

[Event "Late-Titled-Tuesday-Blitz-April-02-2024"]
[Site "Chess.com"]
[Date "2024.04.02"]
[Round "2"]
[White "OlaaLa"]
[Black "katharinareinecke"]
[Result "0-1"]
[WhiteElo "2365"]
[BlackElo "2006"]
[TimeControl "180+1"]
[EndTime "14:17:44 PDT"]
[Termination "katharinareinecke won by resignation"]

1. Nf3 d5 2. g3 Nf6 3. Bg2 g6 4. O-O Bg7 5. d3 O-O 6. Nbd2 b6 7.
c4 Bb7 8. cxd5 Nxd5 9. d4 e6 10. Nb3 Nd7 11. Bg5 Qb8 12. Rc1 a5 13. e4 Nb4 14. a3 Na6 15. Nbd2 h6 16. Be3 Qd8 17. Qc2 Qe7 18. Rfe1 Rac8 19. Qb3 c5 20. d5 exd5 21. exd5 Qf6 22. Rc2 Rfe8 23. Rd1 Ne5 24. Nxe5 Rxe5 25. Nc4 Ree8 26. Nxa5 Ba8 27. Nc6 Bxc6 28. dxc6 Red8 29.
Rcd2 Rxd2 30. Re1 Rdd8 31. Qxb6 Nc7 32. Bxc5 Qxb2 33. Qa7 Qb8 34. Qa4 Qa8 35. Qc4 Qb8 36. Be7 Re8 37. Bb4 Ne6 38. Bd5 Qc7 39. Rc1 Rb8 40. f4 Rbc8 41. Kg2 Qa7 42. Bc3 Qe3 43. Bd4 Qd2+ 44. Bf2 Qb2 45. Bxe6 fxe6 46. c7 Qa2 47. Qc6 Qd2 48. Qb7 Qxc1 49. a4 Qd2 0-1

[Event "Late-Titled-Tuesday-Blitz-April-02-2024"]
[Site "Chess.com"]
[Date "2024.04.02"]
[Round "2"]
[White "AlivodicDario"]
[Black "LikeWater"]
[Result "1-0"]
[WhiteElo "2311"]
[BlackElo "2635"]
[TimeControl "180+1"]
[EndTime "14:17:46 PDT"]
[Termination "AlivodicDario won by resignation"]

1. d4 Nf6 2. c4 e6 3. Nc3 c5 4. d5 exd5 5. cxd5 d6 6. e4 g6 7.
f4 Bg7 8. Bb5+ Nfd7 9. Nf3 O-O 10. O-O a6 11. Bd3 b5 12. Kh1 c4 13. Bc2 b4 14. Ne2 Re8 15. f5 Nc5 16. Ng3 Nbd7 17. Bg5 Qc7 18. Nd4 Be5 19. fxg6 hxg6 20. Qf3 Nf8 21. Rad1 Nh7 22. Bf4 Nd3 23. Bxd3 Bxd4 24. Bxd6 Qa7 25. Bxc4 Be5 26. Bxe5 Rxe5 27. d6 Be6 28.
Bxe6 Rxe6 29. d7 Ng5 30. d8=Q+ Rxd8 31. Rxd8+ Kg7 32. Qf4 Qc5 33. Nf5+ gxf5 34. exf5 Qe7 35. fxe6 Qxd8 36. exf7 Kf8 37. Qf6 Qxf6 38. Rxf6 a5 39.
Ra6 Ne4 40. Rxa5 Nf2+ 41. Kg1 Nd3 42. Rb5 Kxf7 43. a3 Ke6 44. axb4 Kd6 45. h4 Nxb2 46.
h5 Nd3 47. h6 Nf4 48. h7 Ng6 49. Rb6+ 1-0